 Dungeon Crawl Stone Soup version 0.31.0-11-ge490571c62 (webtiles) character file.

Game seed: 9590084696526792783

46 Gadfly the Insei (level 3, -1/29 HPs)
             Began as a Demonspawn Monk on Feb 2, 2024.
             Slain by a black bear (12 damage)
             ... on level 2 of the Dungeon.
             The game lasted 00:01:12 (1132 turns).

Gadfly the Insei (Demonspawn Monk)                  Turns: 1132, Time: 00:01:13

Health: -1/29      AC:  3    Str: 13    XL:     3   Next: 44%
Magic:  3/3        EV: 13    Int: 10    God:
Gold:   70         SH:  0    Dex: 15    Spells: 2/2 levels left

rFire   . .          .
                       - Unarmed
rCold   . . .        c - orb {light}
rNeg    . . .        a - +0 robe
rPois   .            (helmet restricted)
rElec   .            h - +0 cloak
rCorr   .            (no gloves)
SInv    .            (no boots)
Will    .....        (no amulet)
Stlth   +            (no ring)
HPRegen 0.24/turn    (no ring)
MPRegen 0.08/turn

%: no passive effects
@: confused, ambrosia-drunk, glowing
A: antennae 1
a: no special abilities


You were on level 2 of the Dungeon.
You visited 1 branch of the dungeon, and saw 2 of its levels.

You collected 70 gold pieces.

Inventory:

Hand Weapons
 g - a +0 dagger of speed
Armour
 a - a +0 robe (worn)
 c - an orb of light (worn)
 h - a +0 cloak (worn)
Potions
 e - 2 potions of curing
 f - a potion of haste


   Skills:
 - Level 3.0 Fighting
 + Level 3.0 Dodging
 * Level 3.1 Unarmed Combat
 * Level 1.5 Evocations
 * Level 1.1 Shapeshifting


You had 2 spell levels left.
You didn't know any spells.
Your spell library contained the following spells:

 Spells                   Type           Power      Damage    Failure   Level
 Kiss of Death            Conj/Necr      0%         2d5       36%         1
 Confusing Touch          Hex            0%         N/A       75%         3
 Inner Flame              Hex/Fire       0%         N/A       75%         3
 Dispel Undead            Necr           0%         3d6       98%         4
 Irradiate                Conj/Alch      0%         3d11      100%        5
 Ignition                 Fire           0%         3d3       100%        8


Dungeon Overview and Level Annotations

Branches:
Dungeon (2/15)

Altars:


Innate Abilities, Weirdness & Mutations

You have a pair of small antennae on your head.


Message History

The black bear is severely wounded.
The black bear bites you. The black bear claws you. The black bear misses you.
You are too injured to fight recklessly!
You are too injured to fight recklessly!
You are too injured to fight recklessly!
You are too injured to fight recklessly!
You are too injured to fight recklessly!
You are too injured to fight recklessly!
You are too injured to fight recklessly!
You are too injured to fight recklessly!
You are too injured to fight recklessly!
You are too injured to fight recklessly!
You are too injured to fight recklessly!
You are too injured to fight recklessly!
You are too injured to fight recklessly!
You are too injured to fight recklessly!
You are too injured to fight recklessly!
You are too injured to fight recklessly!
You are too injured to fight recklessly!
Unknown command.
You hit the black bear.
The black bear is severely wounded.
The black bear bites you.
The black bear claws you but does no damage. x2
You hit the black bear but do no damage.
The black bear is severely wounded.
The black bear completely misses you.
The black bear claws you but does no damage.
The black bear barely misses you.
You hit the black bear.
The black bear is severely wounded.
The black bear goes berserk!
You hit the black bear but do no damage.
The black bear is severely wounded.
The black bear misses you. The black bear barely misses you.
The black bear claws you.
* * * LOW HITPOINT WARNING * * *
You are confused.
You feel invigorated. The black bear bites you!
You die...

##.#................#
##.#.#############..#
##.#.#############..#
##.#.#..............#
##.#.#.###########.##
##.#.#.# #.#
##.#.#.###########.#
##.#.#...........#.#
##.#.###########@#.#
#.#.# #h#.# #.#.#
#g#.# #.#.# #.# #.#.#
#.# #.#.# #.# ##.#.#
#.# ...#.# #.# ####.#


You could see a black bear (berserk) and a goblin.

Vanquished Creatures
  2 dart slugs (D:1)
  3 ball pythons
  5 bats
  7 endoplasms (D:1)
  A giant cockroach (D:1)
  4 goblins
  3 hobgoblins
  4 kobolds (D:1)
  A quokka (D:1)
  2 frilled lizards (D:1)
  4 rats
36 creatures vanquished.

Notes
Turn   | Place    | Note
-------+----------+-------------------------------------------
     0 | D:1      | Gadfly the Demonspawn Monk began the quest for the Orb.
     0 | D:1      | Reached XP level 1. HP: 18/18 MP: 1/1
   113 | D:1      | Gained mutation: You have a pair of small antennae on your
                  | head. [demonic ancestry]
   113 | D:1      | Reached XP level 2. HP: 22/24 MP: 2/2
   187 | D:1      | Reached skill level 1 in Evocations
   363 | D:1      | Reached skill level 1 in Shapeshifting
   377 | D:1      | Reached XP level 3. HP: 29/29 MP: 3/3
  1118 | D:2      | Noticed a black bear
  1132 | D:2      | Slain by a black bear

Illustrated notes

Levels and vault maps discovered:
D:1:      onia_arrival_mini_spirals, layout_basic
D:2:      layout_basic, kennysheep_generic_room_7

Skill      XL: |  1  2  3 |
---------------+----------+-----
Evocations     | 1 |  1.5
Unarmed Combat | 3 |  3.1
Shapeshifting  | 1 |  1.1
Dodging        | 3 |  3.0
Fighting       | |  3.0

Action                     || total
---------------------------++-------
  Melee: Unarmed           ||   113
    Use: Scroll            ||     2
         Potion            ||     1
 Armour: Robe              ||    71
  Dodge: Dodged            ||    74
